nht, chaotic female elven Wizard ----- #.)..| #|...| `##|>{.. #----- #### --------- # # |.....*.| ###############-.@@....| ------# |.......| .....|# --------- |....|# -.-.- |....|# |`..| |....-# |...| |..*.| |...| ##.....| |...| # ------ |.<..###### ----- nht the Evoker Experience level: 1 Strength: 7 Dexterity: 14 Constitution: 16 Intelligence: 17 Wisdom: 11 Charisma: 10 Health: 0(11) Energy: 2(7) Def: 1 Gold: 0 Moves: 328 Dungeon seed: Nausk94ZZRnZ9Hjz Game ID: nht_1432368364 Your Inventory: Amulets K - an uncursed amulet of unchanging (being worn) Weapons a - a blessed +1 quarterstaff (weapon in hands) Armor e - a blessed +0 cloak of magic resistance (being worn) Comestibles t - an uncursed food ration Scrolls i - an uncursed scroll of create monster j - an uncursed scroll of confuse monster k - 2 uncursed scrolls of identify Spellbooks m - a blessed spellbook of magic missile n - an uncursed spellbook of cure sickness s - a blessed spellbook of blank paper Potions f - an uncursed potion of enlightenment g - an uncursed potion of gain energy h - an uncursed potion of object detection Rings c - an uncursed ring of teleport control d - an uncursed +5 ring of gain strength v - a cursed -2 ring of protection w - a cursed -2 ring of gain constitution x - an uncursed +1 ring of gain strength y - a cursed -2 ring of increase damage (on left hand) z - a cursed -1 ring of gain constitution A - a cursed ring of polymorph B - a cursed ring of polymorph control C - an uncursed ring of shock resistance D - an uncursed ring of sustain ability E - an uncursed ring of see invisible F - a cursed -2 ring of protection G - an uncursed ring of teleport control H - a blessed +1 ring of gain strength I - a cursed ring of shock resistance (on right hand) J - an uncursed ring of slow digestion Wands b - a wand of cold (0:2) q - a wand of speed monster (0:4) Tools o - a magic marker (0:4) p - an uncursed tooled horn Spells known in the end: Name Level Category Fail Memory a - force bolt 1 attack 0% 99% b - magic missile 2 attack 0% 99% c - cure sickness 3 healing 99% 99% d - detect monsters 1 divination 0% 99% Your skills at the end: Fighting Skills Weapon Skills quarterstaff [Basic] Spellcasting Skills attack spells [Basic] enchantment spells [Basic] Final Attributes: You were devoutly aligned. You were shock resistant. You were magic-protected. You were telepathic. You had infravision. You had a -2 damage penalty. You could not change from your current form. You were fast. You are dead. Vanquished creatures: a floating eye 2 geckos a jackal 2 goblins a lichen 7 creatures vanquished. Voluntary challenges: You were an atheist. You used a wielded weapon 5 times, starting on turn 64. You read items or engraved 8 times, starting on turn 113. You never genocided any monsters. You never polymorphed an object. You never changed form. You used no wishes. You never split a pudding. You wrote Elbereth's name 1 time, starting on turn 114. You violated your moral code, losing 1 point of alignment, starting on turn 326. You disabled loading bones files. Dungeon overview: The Dungeons of Doom: levels 1 to 6 Level 1 a long staircase Level 2 Level 3 Level 4 a fountain Level 5 <- You were here a jewelry store, a fountain Level 6 History has recorded: On T:1 you entered the Dungeons of Doom to retrieve the Amulet of Yendor! On T:44 you reached level 2 of The Dungeons of Doom. On T:86 you reached level 3 of The Dungeons of Doom. On T:163 you reached level 4 of The Dungeons of Doom. On T:257 you reached level 5 of The Dungeons of Doom. On T:288 you reached level 6 of The Dungeons of Doom. Score breakdown: Gold: 0 ( 0 points) Experience: 1 level ( 0 points) Exploration: 6 levels ( 12.24%) ( 9682 points) Discoveries: 3 items ( 1.09%) ( 3127 points) Valuables value: (no points given unless you survive) Artifact value: 0 ( 0 points) Variety of kills: 5 monsters ( 1.32%) ( 3445 points) Time penalty: 328 turns ( 0 points) Survival: died (score multiplied by 80%) Total score: 13003 Latest messages: Boing! The bolt of cold hits Havic! Havic hits! (2x) You die... Havic takes all your possessions. Final status: Goodbye nht the Wizard, killed by a Ms. Havic, the shopkeeper, while stuck in monster form... You died in The Dungeons of Doom on dungeon level 5 with 13003 points, and 0 pieces of gold, after 328 moves. You were level 1 with a maximum of 11 hit points when you died.